 Dungeon Crawl Stone Soup version 0.17-a0-1887-g3e50df6 (webtiles) character file.

37 mcbry74 the Ruffian (level 3, -3/36 HPs)
             Began as a Troll Monk on Sept 23, 2015.
             Was a Believer of Cheibriados.
             Slain by an orc
             ... wielding a +0 flail
              (8 damage)
             ... on level 3 of the Dungeon.
             The game lasted 00:09:34 (2056 turns).

mcbry74 the Ruffian (Troll Monk)                    Turns: 2056, Time: 00:09:35

Health: -3/36      AC:  5    Str: 23    XL:     3   Next: 23%
Magic:  2/2        EV: 11    Int: 11    God:    Cheibriados [**....]
Gold:   106        SH:  0    Dex: 16    Spells: 0 memorised, 2 levels left

rFire  . . .     SeeInvis .       - Unarmed
rCold  . . .     Clarity  .     a - +0 robe
rNeg   . . .     SustAt   .     (no shield)
rPois  .         Gourm    +     (helmet restricted)
rElec  .         Spirit   .     (no cloak)
rCorr  .         Warding  .     (gloves unavailable)
rMut   .         Stasis   .     (boots unavailable)
MR     .....                    (no amulet)
Stlth  ++........               (no ring)
                                (no ring)

@: very slow, not resistant to hostile enchantments, unstealthy
A: unfitting armour, claws 3, fast metabolism 3, gourmand, regeneration 2,
shaggy fur 1, tough skin 2
a: Bend Time, Renounce Religion


You were on level 3 of the Dungeon.
You worshipped Cheibriados.
Cheibriados was pleased with you.
You were not hungry.

You visited 1 branch of the dungeon, and saw 3 of its levels.

You collected 106 gold pieces.

Inventory:

Armour
 a - a +0 robe (worn)
Scrolls
 c - a scroll of fear {unknown}
 d - a scroll of blinking {unknown}
 f - 3 scrolls of teleportation {unknown}
 g - a scroll of remove curse {unknown}
 h - 2 scrolls of identify {unknown}
 i - a scroll of immolation {unknown}
 k - 3 scrolls of enchant weapon {unknown}
 l - a scroll of amnesia {unknown}
Potions
 e - a potion of flight {unknown}
Comestibles
 b - 2 bread rations
 j - a meat ration


   Skills:
 - Level 2.4 Fighting
 + Level 2.7 Dodging
 - Level 1.1 Stealth
 * Level 4.9 Unarmed Combat


You had 2 spell levels left.
You didn't know any spells.

Dungeon Overview and Level Annotations

Branches:
Dungeon (3/15)

Altars:
Cheibriados
Fedhas


Innate Abilities, Weirdness & Mutations

You are too large for most types of armour.
You have claws for hands.
Your metabolism is lightning-fast.
You like to eat raw meat.
You heal very quickly.
You are covered in fur (AC +1).
You have very tough skin (AC +2).


Message History

The orc priest is severely wounded.
The orc priest hits you but does no damage.
You scratch the orc priest but do no damage.
The orc priest is severely wounded.
The orc priest hits you with a falchion!
* * * LOW HITPOINT WARNING * * *
The orc closely misses you.
You barely miss the orc priest.
The orc priest is severely wounded.
You closely miss the orc priest.
You claw the orc priest, but do no damage.
The orc priest is severely wounded.
The orc barely misses you. The orc priest barely misses you.
You scratch the orc priest but do no damage.
Your claw misses the orc priest.
The orc priest is severely wounded.
The orc priest hits you with a falchion.
* * * LOW HITPOINT WARNING * * *
The orc hits you with a flail!
You die...

_ ≈≈ ## .≈
#########...
##.##...........
..............._
#.#.o^.........
#...o@.........
#..............
#..............
#..............
#..............
#.#.####.......
#.#. ...... # #.
.....


You could see an orc priest and an orc.

Vanquished Creatures
  An ooze (D:3)
  2 worms (D:2)
  An orc (D:3)
  4 goblins
  2 hobgoblins
  5 jackals (D:1)
  A quokka (D:2)
  3 bats
  A giant gecko (D:1)
  3 giant newts (D:1)
  A kobold (D:1)
  3 rats
27 creatures vanquished.

Notes
Turn   | Place    | Note
--------------------------------------------------------------
     0 | D:1      | mcbry74 the Troll Monk began the quest for the Orb.
     0 | D:1      | Reached XP level 1. HP: 22/22 MP: 0/0
   178 | D:1      | Reached XP level 2. HP: 27/29 MP: 1/1
   875 | D:2      | Found a snail-covered altar of Cheibriados.
   883 | D:2      | Became a worshipper of Cheibriados the Contemplative
   883 | D:2      | Acquired Cheibriados's first power
  1960 | D:2      | Reached XP level 3. HP: 36/36 MP: 2/2
  2044 | D:3      | Found a snail-covered altar of Cheibriados.
  2051 | D:3      | Found a blossoming altar of Fedhas.
  2056 | D:3      | Slain by an orc

Vault maps used:
D:1:      dpeg_arrival_tiny_c
D:2:      lemuel_crystal_altar
D:3:      fedhas_altar_2, serial_glass, glass_columns_c, glass_columns_a,
          cheibriados_altar_1

Action                   || total
-------------------------++-------
Melee: Unarmed           ||    67
 Stab: Sleeping          ||     1
       Distracted        ||     1
  Eat: Chunk             ||     5
       Fruit             ||     2
       Bread ration      ||     1
